[Event "Titled Tuesday Blitz January 25 2022"]
[White "Hakobyan, Aram"]
[Black "Vasquez Schroeder, Rodrigo"]
[WhiteFideId "13306677"]
[BlackFideId "3400042"]
[WhiteElo "2557"]
[BlackElo "2568"]
[Result "0-1"]
[Round "07"]
[TimeControl "180+1"]
[Date "2022.01.26"]
[WhiteClock "0:00:38"]
[BlackClock "0:01:30"]

1. d4 d5 2. c3 Nf6 3. Bg5 Ne4 4. Bf4 Bf5 5. Qb3 b6 6. e3 e6 7. Nf3 Bd6 8. Bg3 O-O 9. Nbd2 Nxd2 10. Nxd2 c5 11. Be2 Nc6 12. O-O Rc8 13. Rfe1 Qc7 14. Bxd6 Qxd6 15. Nf3 Rfd8 16. Qd1 h6 17. h3 e5 18. dxe5 Nxe5 19. Nxe5 Qxe5 20. Qa4 Rc7 21. Rad1 Be6 22. Bf3 Rcd7 23. Rd2 d4 24. cxd4 cxd4 25. Red1 b5 26. Qa5 dxe3 27. Qxd8+ Rxd8 28. Rxd8+ Kh7 29. fxe3 Qxb2 30. R8d2 Qa3 31. Kf2 b4 32. Be4+ g6 33. Bb1 a5 34. Rd3 Qb2+ 35. R3d2 Qf6+ 36. Kg1 Qe5 37. Kf2 a4 38. Rd4 b3 39. axb3 axb3 40. R1d2 Kg7 41. Bd3 Qa5 42. Be4 Qc3 43. R4d3 Qf6+ 44. Ke2 Bc4 45. Rc2 0-1


[Site "https://www.chess.com"]

[Event "Titled Tuesday Blitz January 25 2022"]
[White "Hamitevici, Vladimir"]
[Black "Michelakos, Panagiotis"]
[WhiteFideId "13902393"]
[BlackFideId "4216067"]
[WhiteElo "2359"]
[BlackElo "2140"]
[Result "0-1"]
[Round "07"]
[TimeControl "180+1"]
[Date "2022.01.26"]
[WhiteClock "0:00:01"]
[BlackClock "0:00:34"]

1. d4 d5 2. Nf3 c5 3. c4 e6 4. cxd5 exd5 5. g3 Nc6 6. Bg2 Nf6 7. O-O Be7 8. Nc3 O-O 9. Bg5 cxd4 10. Nxd4 h6 11. Bf4 Bg4 12. h3 Bd7 13. g4 Qb6 14. Nb3 d4 15. Nd5 Nxd5 16. Bxd5 Rad8 17. Bg2 a5 18. Rb1 Be6 19. Nc1 f5 20. Bg3 fxg4 21. hxg4 Bxg4 22. Nd3 Bf6 23. a3 Kh8 24. b4 axb4 25. axb4 Ne7 26. Nf4 Bg5 27. Nd3 Nd5 28. Ne5 Nc3 29. Qb3 Nxe2+ 30. Kh2 Bh5 31. f4 Rxf4 0-1


[Site "https://www.chess.com"]

[Event "Titled Tuesday Blitz January 25 2022"]
[White "Dronavalli, Harika"]
[Black "Gnechko, Ruslan"]
[WhiteFideId "5015197"]
[BlackFideId "14135868"]
[WhiteElo "2382"]
[BlackElo "2289"]
[Result "1/2-1/2"]
[Round "07"]
[TimeControl "180+1"]
[Date "2022.01.26"]
[WhiteClock "0:01:06"]
[BlackClock "0:01:22"]

1. d4 Nf6 2. c4 e6 3. Nc3 Bb4 4. e3 d5 5. Bd2 O-O 6. Nf3 c5 7. a3 Bxc3 8. Bxc3 cxd4 9. Nxd4 Nc6 10. Rc1 Bd7 11. b4 Ne4 12. cxd5 Nxc3 13. Rxc3 exd5 14. Be2 Rc8 15. Rc5 Nxd4 16. Qxd4 Be6 17. O-O Rxc5 18. Qxc5 b6 19. Qd4 Qc7 20. Rd1 g6 21. h3 Rc8 22. Ba6 Rb8 23. Be2 Rc8 24. Bf3 Qc3 25. Bxd5 Bxd5 26. Qxd5 Qxa3 27. Qd7 Rc1 28. b5 Rxd1+ 29. Qxd1 Qb2 30. Qd7 Kg7 31. g3 a6 32. bxa6 Qa1+ 33. Kh2 Qxa6 34. Qd4+ Kg8 35. Qd8+ Kg7 36. Qd4+ Kg8 37. Qd8+ Kg7 38. Qd4+ 1/2-1/2


[Site "https://www.chess.com"]

[Event "Titled Tuesday Blitz January 25 2022"]
[White "Harshavardhan G B"]
[Black "Iskusnyh, Sergei"]
[WhiteFideId "25059009"]
[BlackFideId "4120027"]
[WhiteElo "1831"]
[BlackElo "2492"]
[Result "0-1"]
[Round "07"]
[TimeControl "180+1"]
[Date "2022.01.26"]
[WhiteClock "0:00:10"]
[BlackClock "0:00:17"]

1. e4 e6 2. d4 d5 3. Nc3 Nf6 4. e5 Nfd7 5. f4 c5 6. Nf3 Be7 7. Be3 O-O 8. Qd2 a6 9. Bd3 Nc6 10. O-O-O c4 11. Be2 b5 12. Nb1 b4 13. Qe1 Qa5 14. g4 Qxa2 15. f5 c3 16. bxc3 bxc3 17. Nxc3 Qa3+ 18. Kd2 Bb4 19. Kd3 a5 20. Bd2 Ba6+ 21. Ke3 Bxe2 22. Kxe2 Qb2 23. Rc1 Rac8 24. Kd3 Bxc3 25. Bxc3 Nb4+ 26. Bxb4 axb4 27. Qd2 Rc3+ 28. Ke2 Rfc8 29. Ne1 R3c4 30. fxe6 fxe6 31. Rf1 Qxd4 32. Qxd4 Rxd4 33. Nd3 Nxe5 34. Nxe5 Re4+ 35. Kd3 Rxe5 36. Ra1 Re4 37. Ra7 Rxg4 38. Re7 h6 39. Rf2 Rc3+ 40. Kd2 Rgc4 41. Kd1 Rd4+ 42. Ke1 Re4+ 43. Kd1 b3 44. cxb3 Rxb3 45. Rc7 Rb1+ 46. Kc2 Ra1 47. Kb2 Rae1 48. Rff7 Rg1 49. Rfe7 Re3 50. Rc2 Rge1 51. Rc8+ Kh7 52. Rcc7 R1e2+ 53. Kc1 Rg2 54. Kd1 Ra3 55. Rc1 Raa2 56. Rxe6 Rxh2 57. Re1 Rad2# 0-1


[Site "https://www.chess.com"]

[Event "Titled Tuesday Blitz January 25 2022"]
[White "Hasangatin, Ramil"]
[Black "Jones, Gawain C B"]
[WhiteFideId "4122160"]
[BlackFideId "409561"]
[WhiteElo "2375"]
[BlackElo "2657"]
[Result "1-0"]
[Round "07"]
[TimeControl "180+1"]
[Date "2022.01.26"]
[WhiteClock "0:00:27"]
[BlackClock "0:00:21"]

1. e4 e5 2. Nf3 Nc6 3. Bb5 a6 4. Ba4 d6 5. Bxc6+ bxc6 6. d4 f6 7. Nc3 Ne7 8. h4 Be6 9. Be3 Rb8 10. b3 Bf7 11. h5 exd4 12. Bxd4 c5 13. Be3 Qd7 14. Qe2 c4 15. h6 Qg4 16. O-O-O g5 17. Nd4 Qxe2 18. Ndxe2 Ng8 19. Nd5 Bxd5 20. exd5 cxb3 21. axb3 Nxh6 22. Nd4 Ng4 23. Kb2 Kd7 24. Ra1 Be7 25. Nf5 Nxe3 26. fxe3 Rb5 27. e4 Rb6 28. Rh6 c6 29. Rah1 Ke8 30. Rxh7 Rxh7 31. Rxh7 Bf8 32. Ra7 cxd5 33. exd5 g4 34. c4 Rb8 35. Kc3 a5 36. Rxa5 Kf7 37. Ra6 Rd8 38. b4 Kg6 39. Nd4 Rd7 40. Ne6 Bh6 41. Kd4 Kf5 42. c5 dxc5+ 43. bxc5 Rb7 44. c6 Rb2 45. c7 Rd2+ 46. Kc3 Rd1 47. Nd4+ Ke4 48. c8=Q Bd2+ 49. Kb3 Rb1+ 50. Ka2 1-0


[Site "https://www.chess.com"]

[Event "Titled Tuesday Blitz January 25 2022"]
[White "Jaracz, Pawel"]
[Black "Nakamura, Hikaru"]
[WhiteFideId "1102222"]
[BlackFideId "2016192"]
[WhiteElo "2770"]
[BlackElo "3200"]
[Result "0-1"]
[Round "07"]
[TimeControl "180+1"]
[Date "2022.01.26"]
[WhiteClock "0:00:01"]
[BlackClock "0:00:22"]

1. e4 g6 2. d4 Bg7 3. Nc3 a6 4. Bg5 b5 5. Qd2 Bb7 6. Nf3 d6 7. Bd3 Nd7 8. Ne2 c5 9. c3 Ngf6 10. Ng3 h6 11. Bf4 Qc7 12. O-O e5 13. Be3 Ng4 14. a4 Nxe3 15. fxe3 c4 16. Bc2 O-O 17. Ra2 Rae8 18. axb5 axb5 19. Ra7 Qb6 20. Rfa1 Nf6 21. Qe2 h5 22. h3 Bh6 23. Kh1 Bg7 24. Ng5 Bh6 25. Nf3 Ra8 26. Rxa8 Rxa8 27. Rxa8+ Bxa8 28. Qf2 Nd7 29. b3 Qc7 30. Qe1 Bb7 31. b4 Qb8 32. Nh4 Qd8 33. Nf1 Nf6 34. Nd2 Qa8 35. Qf2 Nxe4 36. Bxe4 Bxe4 37. Qf6 Bxe3 38. Nxe4 Qxe4 39. Nf3 exd4 40. cxd4 c3 0-1


[Site "https://www.chess.com"]

[Event "Titled Tuesday Blitz January 25 2022"]
[White "Kamsky, Gata"]
[Black "Hoghmrtsyan, Artur"]
[WhiteFideId "2000024"]
[BlackFideId "13306685"]
[WhiteElo "2645"]
[BlackElo "2589"]
[Result "0-1"]
[Round "07"]
[TimeControl "180+1"]
[Date "2022.01.26"]
[WhiteClock "0:00:01"]
[BlackClock "0:00:01"]

1. e4 e5 2. Nf3 Nc6 3. Bb5 Nf6 4. O-O Nxe4 5. Re1 Nd6 6. Nxe5 Be7 7. Bf1 Nf5 8. c3 Nxe5 9. Rxe5 d6 10. Re2 O-O 11. d4 d5 12. Bf4 Nh4 13. Qb3 c6 14. Nd2 Ng6 15. Bg3 h5 16. h3 h4 17. Bh2 Bd6 18. Bxd6 Qxd6 19. Nf3 Nf4 20. Re3 Qf6 21. Rae1 Bf5 22. Qxb7 Be4 23. Qc7 Rae8 24. Ne5 Qg5 25. g3 Nh5 26. Kh2 hxg3+ 27. fxg3 Qf6 28. Ng4 Qg6 29. Ne5 Qf6 30. Kg1 Qg5 31. Kh2 Re6 32. Ng4 f5 33. Nf2 f4 34. gxf4 Rxf4 35. Nxe4 dxe4 36. Qc8+ Kf7 37. Rxe4 Rf2+ 0-1


[Site "https://www.chess.com"]

[Event "Titled Tuesday Blitz January 25 2022"]
[White "Kanyamarala, Trisha"]
[Black "Janaszak, Dawid"]
[WhiteFideId "45004722"]
[BlackFideId "1119206"]
[WhiteElo "2002"]
[BlackElo "2199"]
[Result "0-1"]
[Round "07"]
[TimeControl "180+1"]
[Date "2022.01.26"]
[WhiteClock "0:00:01"]
[BlackClock "0:00:28"]

1. c4 e5 2. Nc3 Nc6 3. Nf3 Bc5 4. e3 d6 5. d4 exd4 6. exd4 Bb6 7. Be2 Nge7 8. O-O O-O 9. Bg5 f6 10. Bf4 Nf5 11. c5 dxc5 12. dxc5 Bxc5 13. Qxd8 Nxd8 14. Bxc7 Ne6 15. Bg3 Nxg3 16. hxg3 Kf7 17. Bc4 Re8 18. Nb5 Re7 19. Rfe1 b6 20. Nfd4 a6 21. Nxe6 axb5 22. Nc7+ bxc4 23. Rxe7+ Kxe7 24. Nxa8 Kd6 25. Rd1+ Kc6 26. Rd8 Bf5 27. Rg8 Kb7 28. a4 Bd4 29. Kf1 Bxb2 30. Nxb6 Bd3+ 31. Kg1 c3 32. Nd7 Bc4 33. Nc5+ Kb6 34. Rc8 Ka5 35. Nd7 Be6 36. Nc5 Bxc8 0-1


[Site "https://www.chess.com"]

[Event "Titled Tuesday Blitz January 25 2022"]
[White "Khripachenko, Alexander"]
[Black "Azadaliyev, Jahandar"]
[WhiteFideId "54184975"]
[BlackFideId "13425811"]
[WhiteElo "2177"]
[BlackElo "1795"]
[Result "1-0"]
[Round "07"]
[TimeControl "180+1"]
[Date "2022.01.26"]
[WhiteClock "0:00:07"]
[BlackClock "0:00:05"]

1. e4 c6 2. d4 d5 3. e5 Bf5 4. Nd2 e6 5. Nb3 Nd7 6. Nf3 Ne7 7. Be2 Qc7 8. O-O h6 9. a4 g5 10. Be3 Rg8 11. Ne1 Bh7 12. Nd3 Nf5 13. Bd2 a6 14. f4 gxf4 15. Bxf4 c5 16. dxc5 Nxc5 17. Kh1 Nxb3 18. cxb3 Nh4 19. Bg3 Nf5 20. Bf2 Qd7 21. Bf3 Be7 22. Rc1 d4 23. Nc5 Bxc5 24. Rxc5 Rd8 25. Qd2 Qe7 26. Rfc1 d3 27. Rc7 Qg5 28. Qxg5 Rxg5 29. Rxb7 d2 30. Rd1 Ng7 31. Bc5 Rd3 32. Be7 f6 33. Bxf6 Kf8 34. h4 Rg3 35. Rb8+ Kf7 36. Rb7+ Kf8 37. Kh2 Nf5 38. Be4 Ne3 39. Bxd3 Nxd1 40. Bxh7 Nf2 41. Rd7 Rd3 42. Bxd3 Ng4+ 43. Kg3 d1=Q 44. Rd8+ Kf7 45. Bg6+ Kxg6 46. Rxd1 h5 47. Kh3 Nf2+ 48. Kg3 Nxd1 49. Kf3 Nxb2 50. b4 Nd3 51. b5 axb5 52. axb5 Kf5 53. Ke3 Nc5 54. Kd4 Nd7 55. Kc4 Ke4 56. Be7 Kxe5 57. Bc5 Ke4 58. b6 Ke5 59. b7 Nb8 60. Ba7 Nd7 61. b8=Q+ Nxb8 62. Bxb8+ Kf5 63. Kd3 Kg4 64. g3 Kf3 65. Bf4 Kg4 66. Ke4 Kh3 67. Ke5 Kg4 68. Kxe6 Kf3 69. Kf5 1-0


[Site "https://www.chess.com"]

[Event "Titled Tuesday Blitz January 25 2022"]
[White "Kim, Sergey"]
[Black "Ocelak, Jakub"]
[WhiteFideId "13700570"]
[BlackFideId "23707933"]
[WhiteElo "2614"]
[BlackElo "2048"]
[Result "1-0"]
[Round "07"]
[TimeControl "180+1"]
[Date "2022.01.26"]
[WhiteClock "0:01:01"]
[BlackClock "0:00:16"]

1. d4 Nf6 2. c4 g6 3. Nc3 Bg7 4. e4 O-O 5. Nge2 d6 6. Ng3 c5 7. d5 e6 8. Be2 exd5 9. cxd5 h5 10. Bg5 a6 11. a4 Qa5 12. O-O Re8 13. Qd2 Nbd7 14. f4 Nh7 15. Bh4 Bd4+ 16. Kh1 Ndf6 17. e5 Nxd5 18. exd6 Bd7 19. f5 Kg7 20. fxg6 fxg6 21. Bc4 Ndf6 22. Bxf6+ Nxf6 23. Qg5 Be6 24. Rxf6 Bxf6 25. Nxh5+ Kh7 26. Nxf6+ Kg7 27. Nxe8+ Rxe8 28. Qe5+ Kf7 29. Rf1+ Kg8 30. Bxe6+ 1-0


[Site "https://www.chess.com"]

[Event "Titled Tuesday Blitz January 25 2022"]
[White "Koelle, Tobias"]
[Black "Gaehwiler, Gabriel"]
[WhiteFideId "16207378"]
[BlackFideId "1314530"]
[WhiteElo "2541"]
[BlackElo "2383"]
[Result "0-1"]
[Round "07"]
[TimeControl "180+1"]
[Date "2022.01.26"]
[WhiteClock "0:00:19"]
[BlackClock "0:00:08"]

1. d4 Nf6 2. c4 g6 3. f3 Bg7 4. e4 O-O 5. Nc3 d6 6. Bg5 c5 7. d5 Qa5 8. Qd2 e6 9. Nge2 exd5 10. cxd5 b5 11. a4 b4 12. Nd1 Nbd7 13. Ne3 Ba6 14. Nc1 Rae8 15. Nb3 Qb6 16. Bxa6 Qxa6 17. Qe2 Qxe2+ 18. Kxe2 Nxe4 19. fxe4 Rxe4 20. Kd3 f5 21. Nc4 Ne5+ 22. Nxe5 Bxe5 23. Nd2 Rg4 24. Be3 f4 25. Bf2 Rxg2 26. Raf1 f3 27. Nc4 Bf4 28. Ke4 Bxh2 29. Ne3 Rf4+ 30. Kd3 Rd4+ 31. Kc2 b3+ 32. Kxb3 Be5 33. Kc2 Rxa4 34. Rhg1 Rxg1 35. Bxg1 Bd4 36. Rxf3 Ra2 37. Kc1 Ra1+ 38. Kc2 Rxg1 39. Nc4 Rg2+ 40. Kb3 g5 41. Nxd6 Rxb2+ 42. Kc4 Rb4+ 43. Kd3 Rb3+ 44. Ke4 Rxf3 45. Kxf3 h5 46. Nb7 Be5 47. d6 c4 48. d7 Bc7 49. d8=Q+ Bxd8 50. Nxd8 c3 51. Ke2 h4 52. Nc6 h3 53. Ne7+ Kf7 54. Nf5 Kf6 55. Ng3 Ke5 56. Kd3 Kf4 57. Nf1 Kf3 58. Kxc3 g4 59. Kd2 g3 60. Ke1 g2 61. Nd2+ Kg3 62. Ne4+ Kf4 63. Nd2 g1=Q+ 64. Ke2 Qg2+ 65. Kd3 h2 66. Nc4 Qe4+ 67. Kc3 h1=Q 68. Kb3 Qhb1+ 69. Ka3 Qed3+ 70. Ka4 Qdb3+ 71. Ka5 Qb5# 0-1


[Site "https://www.chess.com"]

[Event "Titled Tuesday Blitz January 25 2022"]
[White "Kravtsiv, Martyn"]
[Black "Punin, Andrii"]
[WhiteFideId "14113147"]
[BlackFideId "14112639"]
[WhiteElo "2694"]
[BlackElo "2357"]
[Result "1-0"]
[Round "07"]
[TimeControl "180+1"]
[Date "2022.01.26"]
[WhiteClock "0:00:10"]
[BlackClock "0:00:11"]

1. e4 c6 2. Nf3 d5 3. d3 Qc7 4. Nc3 dxe4 5. Nxe4 Bg4 6. h3 Bh5 7. Qe2 Nf6 8. Nxf6+ gxf6 9. Bd2 Nd7 10. O-O-O Ne5 11. g4 Nxf3 12. Qxf3 Bg6 13. h4 h5 14. Bh3 Bh6 15. Bxh6 Rxh6 16. Rde1 Qd6 17. g5 fxg5 18. hxg5 Rh8 19. Re3 Kf8 20. Rhe1 Re8 21. Re5 Kg7 22. Qe3 e6 23. f4 Ref8 24. a3 a6 25. Qb6 Rb8 26. Kb1 h4 27. Bxe6 fxe6 28. Rxe6 Qxf4 29. Re7+ Bf7 30. Qg1 Kg6 31. Rf1 Qg3 32. Qd4 Bd5 33. Rg1 Qf3 34. Qg7+ Kh5 35. g6 Rbg8 36. Qh7+ Rxh7 37. Rxh7# 1-0


[Site "https://www.chess.com"]

[Event "Titled Tuesday Blitz January 25 2022"]
[White "Kucuksari, Kaan"]
[Black "Mustafayev, Farid"]
[WhiteFideId "6380166"]
[BlackFideId "13408771"]
[WhiteElo "2305"]
[BlackElo "2129"]
[Result "0-1"]
[Round "07"]
[TimeControl "180+1"]
[Date "2022.01.26"]
[WhiteClock "0:00:46"]
[BlackClock "0:01:18"]

1. d4 d5 2. c4 dxc4 3. Nf3 Nf6 4. e3 c5 5. Bxc4 e6 6. O-O a6 7. b3 Nc6 8. Bb2 cxd4 9. Nxd4 Bd7 10. Nd2 Be7 11. N2f3 O-O 12. Nxc6 Bxc6 13. Ne5 Bd5 14. Rc1 Bxc4 15. Nxc4 Qxd1 16. Rfxd1 Rfd8 17. Bxf6 Bxf6 18. Nb6 Rxd1+ 19. Rxd1 Rd8 20. Rd7 Rxd7 21. Nxd7 Be7 22. Kf1 f6 23. Ke2 Bd6 24. Kd3 Kf7 25. Nb6 h5 26. Ke4 g5 27. h3 Bc7 28. Nd7 b6 29. f4 gxf4 30. exf4 Ke7 31. Nxf6 Kxf6 32. g4 Kg6 33. a4 a5 34. Kf3 e5 35. fxe5 Bxe5 36. Ke4 Bd6 37. Kf3 Kg5 38. gxh5 Kxh5 39. Ke4 Kh4 40. Kd5 Bc5 41. Kc4 Kxh3 42. Kc3 Kg4 43. Kc2 Kf4 44. Kb1 Ke3 45. Ka2 Kd3 46. Kb2 Bb4 47. Ka2 Kc2 48. Ka1 Kxb3 49. Kb1 Kxa4 50. Ka2 Bc3 51. Kb1 Kb3 52. Kc1 a4 53. Kb1 a3 54. Kc1 a2 55. Kd1 a1=Q+ 56. Ke2 Qe1+ 57. Kd3 Qd2+ 58. Ke4 Kc4 59. Kf3 Qe1 60. Kg2 Bd4 61. Kh3 Qg1 62. Kh4 Be3 63. Kh3 Bf4 0-1


[Site "https://www.chess.com"]

[Event "Titled Tuesday Blitz January 25 2022"]
[White "Maghsoodloo, Parham"]
[Black "Samunenkov, Ihor"]
[WhiteFideId "12539929"]
[BlackFideId "14187086"]
[WhiteElo "2630"]
[BlackElo "2406"]
[Result "1-0"]
[Round "07"]
[TimeControl "180+1"]
[Date "2022.01.26"]
[WhiteClock "0:01:18"]
[BlackClock "0:00:10"]

1. e4 c6 2. d4 d5 3. e5 c5 4. dxc5 e6 5. a3 Bxc5 6. b4 Be7 7. Bb2 a5 8. b5 Nd7 9. Nd2 Nh6 10. Ngf3 O-O 11. Bd3 f6 12. O-O Nf7 13. exf6 Bxf6 14. Bxf6 Qxf6 15. c4 Nc5 16. Bc2 a4 17. Re1 b6 18. Qb1 g6 19. cxd5 exd5 20. Qb4 Bf5 21. Bxf5 Qxf5 22. Nd4 Qf6 23. N2f3 Nd3 24. Qe7 Nd6 25. Qxf6 Rxf6 26. Re7 Rf7 27. Re6 Nc4 28. h4 Nc5 29. Rc6 Nb3 30. Ra2 Nxd4 31. Nxd4 Re8 32. g3 Re1+ 33. Kg2 Re8 34. Ne2 Rd7 35. Nc3 1-0


[Site "https://www.chess.com"]

[Event "Titled Tuesday Blitz January 25 2022"]
[White "Martin, Lewis"]
[Black "Ovetchkin, Roman"]
[WhiteFideId "410551"]
[BlackFideId "4119991"]
[WhiteElo "2145"]
[BlackElo "2409"]
[Result "0-1"]
[Round "07"]
[TimeControl "180+1"]
[Date "2022.01.26"]
[WhiteClock "0:00:05"]
[BlackClock "0:01:00"]

1. e4 c6 2. d4 d5 3. Nc3 dxe4 4. Nxe4 Nf6 5. Nxf6+ exf6 6. c3 Bd6 7. Bd3 O-O 8. Qc2 Re8+ 9. Ne2 h5 10. Be3 Nd7 11. O-O-O Nf8 12. h3 Be6 13. Kb1 b5 14. Nf4 Bxf4 15. Bxf4 a5 16. Rhg1 Qd5 17. b3 a4 18. b4 Ng6 19. Bc1 f5 20. f3 h4 21. g4 f4 22. Be4 Qd7 23. Bxg6 fxg6 24. Bxf4 Rf8 25. Be5 Rxf3 26. Rd2 Qf7 27. Qe4 Bd5 28. Qe2 g5 29. Rd3 Qg6 30. Kc2 Raf8 31. Rd1 Rf2 0-1


[Site "https://www.chess.com"]

[Event "Titled Tuesday Blitz January 25 2022"]
[White "Martinez Alcantara, Jose Eduardo"]
[Black "Ibrahimli, Murad"]
[WhiteFideId "3805662"]
[BlackFideId "13410229"]
[WhiteElo "2690"]
[BlackElo "2109"]
[Result "1-0"]
[Round "07"]
[TimeControl "180+1"]
[Date "2022.01.26"]
[WhiteClock "0:00:07"]
[BlackClock "0:00:04"]

1. e4 c5 2. Nf3 d6 3. c3 Nf6 4. h3 Nc6 5. Bd3 e5 6. Bc2 d5 7. exd5 Qxd5 8. Qe2 Be7 9. d3 O-O 10. Bg5 Bf5 11. Nbd2 Rad8 12. Ne4 Rfe8 13. O-O Nh5 14. Be3 Nf4 15. Bxf4 exf4 16. Rfe1 Bg6 17. Bb3 Qd7 18. Rad1 Bf8 19. Nh4 Na5 20. Nxg6 hxg6 21. Qf3 Nxb3 22. axb3 Qf5 23. Ra1 a6 24. Kf1 Re5 25. Rad1 g5 26. Qg4 Qg6 27. Qf3 b5 28. h4 gxh4 29. Qxf4 Rh5 30. Re3 f5 31. Nd2 Bd6 32. Qf3 Kh7 33. Rde1 Qg4 34. Qxg4 fxg4 35. Re4 h3 36. Kg1 hxg2 37. Kxg2 Rh2+ 38. Kg1 g3 39. R1e2 gxf2+ 40. Rxf2 Rxf2 41. Kxf2 Bf8 42. Ke2 Kg6 43. Nf3 Bd6 44. d4 Kf6 45. dxc5 Bxc5 46. b4 Bd6 47. Nd4 Kf7 48. Kf3 Rd7 49. Nf5 Bf8 50. Nd4 g6 51. Rf4+ Kg8 52. Rg4 Kg7 53. Ne6+ Kf7 54. Nxf8 Kxf8 55. Rxg6 Rd2 56. Rxa6 Rxb2 57. Ke4 Ke7 58. Rb6 Rc2 59. Kd3 Rc1 60. Rxb5 Kd6 61. Kc4 Kc6 62. Rc5+ Kb6 63. Rh5 Rg1 64. Rh6+ Kb7 65. Kb3 Rb1+ 66. Ka4 Rg1 67. c4 Rg4 68. c5 Rg7 69. Kb5 Kb8 70. Rh8+ Kc7 71. Rh6 Rg8 72. Rh4 Rb8+ 73. Kc4 Rf8 74. b5 Rf1 75. Rh7+ Kc8 76. b6 Kb8 77. Kb5 Rf6 78. Rh8+ Kb7 79. c6+ 1-0


[Site "https://www.chess.com"]

[Event "Titled Tuesday Blitz January 25 2022"]
[White "Mirzoev, Azer"]
[Black "Villegas, Pierre"]
[WhiteFideId "13400304"]
[BlackFideId "654183"]
[WhiteElo "2525"]
[BlackElo "2410"]
[Result "1-0"]
[Round "07"]
[TimeControl "180+1"]
[Date "2022.01.26"]
[WhiteClock "0:02:47"]
[BlackClock "0:01:57"]

1. c4 e6 2. Nf3 d5 3. e3 Nf6 4. b3 a6 5. Bb2 c5 6. cxd5 exd5 7. Be2 Nc6 8. O-O Bd6 9. d4 cxd4 10. Nxd4 O-O 11. Nd2 Bc7 12. Nxc6 bxc6 13. Rc1 Qd6 14. Nf3 Bg4 15. Be5 Qd7 16. Bxc7 Qxc7 17. Qc2 Bxf3 18. Bxf3 Rfc8 19. Rfd1 Qd6 20. Qc5 Qxc5 21. Rxc5 a5 22. Rdc1 a4 23. b4 1-0


[Site "https://www.chess.com"]

[Event "Titled Tuesday Blitz January 25 2022"]
[White "Mischuk, Dmitry"]
[Black "Heinemann, Josefine"]
[WhiteFideId "14118734"]
[BlackFideId "12900460"]
[WhiteElo "2256"]
[BlackElo "2300"]
[Result "1-0"]
[Round "07"]
[TimeControl "180+1"]
[Date "2022.01.26"]
[WhiteClock "0:00:15"]
[BlackClock "0:00:01"]

1. e4 e5 2. Nc3 Nf6 3. f4 d5 4. fxe5 Nxe4 5. d3 Nxc3 6. bxc3 d4 7. Nf3 dxc3 8. d4 Bg4 9. Bc4 Be7 10. h3 Bh5 11. O-O O-O 12. Be3 c6 13. Qd3 Nd7 14. Qxc3 Nb6 15. e6 Nxc4 16. Qxc4 f6 17. Qb3 Qc7 18. c4 Rad8 19. Rad1 b6 20. d5 cxd5 21. cxd5 Bd6 22. Rc1 Qe7 23. Nd4 Be8 24. Nf5 Qb7 25. Rcd1 Bh5 26. Rd2 Rfe8 27. Bd4 Bg6 28. Nxg7 Qxg7 29. Bxf6 Qh6 30. Re2 Rc8 31. Qf3 Qh5 32. g4 Qh6 33. h4 Qf8 34. h5 Bc2 35. g5 Be7 36. Rg2 Bc5+ 37. Kh1 Ba4 38. g6 h6 39. g7 Qd6 40. Qf4 Qxd5 41. Qxh6 Qxg2+ 42. Kxg2 Bc6+ 43. Kh3 1-0


[Site "https://www.chess.com"]

[Event "Titled Tuesday Blitz January 25 2022"]
[White "Mitusov, Semen"]
[Black "Leiva, Gianmarco"]
[WhiteFideId "14151049"]
[BlackFideId "3804399"]
[WhiteElo "2246"]
[BlackElo "2328"]
[Result "0-1"]
[Round "07"]
[TimeControl "180+1"]
[Date "2022.01.26"]
[WhiteClock "0:00:23"]
[BlackClock "0:00:06"]

1. e4 c5 2. c3 Nf6 3. e5 Nd5 4. d4 cxd4 5. Nf3 d6 6. cxd4 Nc6 7. Bc4 Nb6 8. Bb3 dxe5 9. d5 Na5 10. Nc3 Nxb3 11. Qxb3 e6 12. dxe6 Bxe6 13. Qb5+ Nd7 14. Nxe5 a6 15. Qe2 Nxe5 16. Qxe5 Qd6 17. Bf4 Qxe5+ 18. Bxe5 f6 19. Bf4 Kf7 20. O-O g5 21. Be3 Re8 22. Rfd1 Bg7 23. Ne4 Kg6 24. Nc5 Bc8 25. Rac1 f5 26. Nb3 Bxb2 27. Rd6+ Re6 28. Rcd1 f4 29. Bb6 Re8 30. h3 Rxd6 31. Rxd6+ Re6 32. Rd8 Rxb6 33. Rxc8 Be5 34. Re8 Kf5 35. Rf8+ Ke6 36. Re8+ Kd5 37. Rd8+ Kc4 38. Rc8+ Kb4 39. Re8 Bb2 40. Re2 Ka3 41. Nc5 Kxa2 42. Na4 Rb4 43. Nc3+ Kb3 44. Ne4 Rxe4 45. Rxe4 b5 46. Kf1 a5 47. Ke2 a4 48. Kd3 a3 49. h4 h6 50. hxg5 hxg5 51. Re1 a2 52. Ke4 a1=Q 53. Rxa1 Bxa1 54. Kf5 Kc2 55. Kxg5 b4 56. Kxf4 b3 57. Kg4 b2 58. f4 b1=Q 59. f5 Qf1 60. Kg5 Qxg2+ 61. Kh6 Bf6 62. Kh5 Qg5# 0-1


[Site "https://www.chess.com"]

[Event "Titled Tuesday Blitz January 25 2022"]
[White "Nazaretyan, Tigran"]
[Black "Wagner, Dennis"]
[WhiteFideId "24162345"]
[BlackFideId "24650684"]
[WhiteElo "2192"]
[BlackElo "2355"]
[Result "1-0"]
[Round "07"]
[TimeControl "180+1"]
[Date "2022.01.26"]
[WhiteClock "0:00:32"]
[BlackClock "0:00:02"]

1. d4 Nf6 2. c4 e6 3. Nf3 d5 4. Nc3 Be7 5. Bf4 O-O 6. e3 c5 7. dxc5 Bxc5 8. a3 Nc6 9. cxd5 Nxd5 10. Nxd5 exd5 11. Bd3 Qf6 12. Qc2 Bb6 13. Bxh7+ Kh8 14. Bg5 Ba5+ 15. Ke2 Qe6 16. Bd3 Re8 17. Rhd1 d4 18. Kf1 dxe3 19. Bxe3 Ne5 20. Ng5 Qf6 21. Bb5 Bf5 22. Qe2 Red8 23. Qh5+ Kg8 24. b4 Ng4 25. Kg1 Nxe3 26. fxe3 Bb6 27. Re1 Bxe3+ 28. Rxe3 Qxa1+ 29. Kf2 Bg6 30. Qh4 Rd2+ 31. Be2 Rad8 32. Nf3 Qb2 33. Nxd2 Qxd2 34. Qf4 Qd7 35. Bg4 Qd2+ 36. Be2 Qb2 37. h4 Rd4 38. Qb8+ Kh7 39. h5 Bd3 40. Qe5 Bxe2 41. Rxe2 Qc3 42. Qf5+ Kh6 43. Re6+ g6 44. Rxg6+ Kh7 45. Qxf7+ Kh8 46. Rg8# 1-0


[Site "https://www.chess.com"]

[Event "Titled Tuesday Blitz January 25 2022"]
[White "Nesterov, Arseniy"]
[Black "Atakishiyev, Elmar"]
[WhiteFideId "24198455"]
[BlackFideId "13410547"]
[WhiteElo "2489"]
[BlackElo "2087"]
[Result "1-0"]
[Round "07"]
[TimeControl "180+1"]
[Date "2022.01.26"]
[WhiteClock "0:00:04"]
[BlackClock "0:00:02"]

1. d4 Nf6 2. c4 e6 3. Nf3 d5 4. Nc3 Bb4 5. Qb3 Nc6 6. Bg5 O-O 7. e3 h6 8. Bxf6 Qxf6 9. cxd5 exd5 10. Qxd5 Qg6 11. Qb3 Re8 12. d5 Bxc3+ 13. Qxc3 Ne7 14. Rd1 Bg4 15. Ne5 Qh5 16. Nxg4 Qxg4 17. Rd4 Qg5 18. h4 Qe5 19. Bc4 Nf5 20. Rd3 Qe4 21. f3 Qf4 22. e4 Qg3+ 23. Kf1 Nxh4 24. Qd2 Ng6 25. Rh3 Qe5 26. g3 a6 27. Bb3 a5 28. a3 a4 29. Ba2 Ra6 30. Rd4 Rb6 31. f4 Qe7 32. e5 Qc5 33. Kg2 Ne7 34. g4 Ng6 35. Rc3 Qe7 36. Rf3 Nh4+ 37. Kg3 Nxf3 38. Kxf3 Qh4 39. Rd3 Qh3+ 40. Kf2 Qxg4 41. d6 cxd6 42. exd6 Qh4+ 43. Kf3 Qh1+ 44. Kg3 Qg1+ 45. Kf3 Re1 46. d7 Rf1+ 47. Ke4 Qh1+ 48. Kd4 Rd6+ 49. Kc5 Qc6+ 50. Kb4 Qb6+ 51. Kc3 Qc5+ 52. Bc4 Rxd3+ 53. Qxd3 Rc1+ 54. Kd2 1-0


[Site "https://www.chess.com"]

[Event "Titled Tuesday Blitz January 25 2022"]
[White "Nestorovic, Nikola"]
[Black "Manukian, Artak"]
[WhiteFideId "934526"]
[BlackFideId "13301373"]
[WhiteElo "2411"]
[BlackElo "2424"]
[Result "1-0"]
[Round "07"]
[TimeControl "180+1"]
[Date "2022.01.26"]
[WhiteClock "0:00:59"]
[BlackClock "0:00:15"]

1. e4 c6 2. d4 d5 3. e5 Bf5 4. Nd2 e6 5. Nb3 Nd7 6. Nf3 h6 7. Be2 g5 8. O-O g4 9. Ne1 h5 10. a4 Bh6 11. a5 Ne7 12. c4 dxc4 13. Bxc4 Nd5 14. Bd3 Qe7 15. Bxf5 exf5 16. a6 b6 17. Nd3 O-O-O 18. Bd2 Kb8 19. Rc1 Rc8 20. Bxh6 Rxh6 21. Qd2 Rg6 22. Nf4 Nxf4 23. Qxf4 Qg5 24. Qxg5 Rxg5 25. Rfd1 f4 26. Nd2 f5 27. Nc4 f3 28. Nd6 Rc7 29. b4 Nf8 30. b5 cxb5 31. d5 f4 32. Rxc7 Kxc7 33. Nxb5+ Kb8 34. e6 Nxe6 35. dxe6 Rxb5 36. e7 Re5 37. Rd8+ Kc7 38. e8=Q 1-0


[Site "https://www.chess.com"]